Description

TvZ Build

Replay - Thunderbird_LE_6

Build Order

Get SALT Encoding   

  12  0:01  SCV  
  13  0:13  SCV  
  14  0:17  Supply Depot  
  14  0:25  SCV  
  14  0:28  Refinery  
  15  0:38  SCV  
  16  0:44  Barracks  
  16  0:50  SCV  
  17  1:02  SCV  
  18  1:14  SCV  
  19  1:34  Reaper  
  19  1:35  Orbital Command  
  20  1:45  Command Center  
  20  1:59  Factory  
  20  2:01  SCV  
  21  2:06  Barracks Reactor  
  21  2:13  SCV  
  22  2:18  Supply Depot  
  22  2:25  SCV  
  28  2:51  Hellion x2  
  29  2:59  Orbital Command  
  30  3:11  Command Center  
  30  3:16  Hellion x2  
  37  3:38  Hellion x2  
  41  3:43  Starport, Barracks Tech Lab  
  41  3:48  Refinery  
  43  3:54  Supply Depot x2  
  45  4:16  Hellion x2  
  51  4:22  Supply Depot  
  51  4:25  Orbital Command  
  51  4:30  Viking  
  55  4:42  Hellion x2  
  61  4:49  Refinery x2  
  61  4:55  Orbital Command  
  62  5:11  Starport Reactor  
  68  5:19  Armory x2  
  68  5:29  Factory x2  
  71  5:40  Liberator x2  
  71  6:07  Terran Vehicle Weapons Level 1  
  71  6:08  Terran Vehicle And Ship Armor Level 1  
  66  6:14  Factory Tech Lab  
  69  6:19  Thor  
  69  6:25  Refinery x2  
  75  6:28  Engineering Bay  
  82  6:40  Thor  
  91  6:59  Missile Turret x2  
  98  7:06  Command Center  
  101  7:10  Siege Tank  
  109  7:34  Siege Tank  
  109  7:39  Factory x2  
  113  7:55  Infernal Pre-Igniter  
  113  7:56  Viking x2  
  120  8:08  Siege Tank x2, Terran Vehicle Weapons Level 2  
  120  8:09  Terran Vehicle And Ship Armor Level 2  
  130  8:24  Starport  
  130  8:26  Factory Tech Lab x2  
  130  8:38  Viking  
  130  8:40  Siege Tank x2  
  142  8:51  Refinery x2  
  142  8:52  Siege Tank x2  
  142  8:53  Missile Turret x4  
  148  9:00  Planetary Fortress  
  157  9:20  Starport Reactor  
  157  9:21  Starport  
  158  9:30  Thor  
  164  9:31  Viking x2  
  166  9:44  Siege Tank x2  
  172  9:53  Command Center  
Spawning Tool Build Advisor. Get it on Overwolf

Analysis

TvZ Build

Go to:

Details

  • Created by: Terradin
  • Published on: Mar 26, 2020
  • Modified on: Mar 26, 2020
  • Patch: 4.11.0
Show
View Real Time Build Order
Export as new Build Order

Comments (0)

There are no comments. Be the first!

Create an account to comment!